 Dungeon Crawl Stone Soup version 0.23.0-3-gf3c87f2df8 (webtiles) character file.

Game seed: 10970250317002549091

1888 PikkenKukken the Chucker (level 9, -2/61 HPs)
             Began as an Octopode Hunter on Feb 22, 2019.
             Was an Initiate of Gozag.
             Slain by Duvessa
             ... wielding a +0 short sword
              (12 damage)
             ... on level 6 of the Dungeon.
             The game lasted 00:18:28 (6415 turns).

PikkenKukken the Chucker (Octopode Hunter)          Turns: 6415, Time: 00:18:29

Health: -2/61      AC:  5    Str: 12    XL:     9   Next: 15%
Magic:  9/9        EV: 16    Int: 13    God:    Gozag
Gold:   271        SH:  0    Dex: 15    Spells: 8/8 levels left

rFire    . . .     SeeInvis .   a - +2 dagger (freeze)
rCold    . . .     Gourm    .   (no shield)
rNeg     . . .     Faith    .   (helmet restricted)
rPois    .         Spirit   .   (no amulet)
rElec    .         Reflect  .   j - +4 ring of protection
rCorr    .         Harm     .   (no ring)
MR       .....                  (no ring)
Stlth    +++++.....             (no ring)
HPRegen  0.20/turn              (no ring)
MPRegen  0.11/turn              (no ring)
                                (no ring)
                                (no ring)

@: no status effects
A: almost no armour, stealthy swim, amphibious, 8 rings, constrict 8, camouflage
1, gelatinous body 1
a: Potion Petition, Call Merchant, Bribe Branch, Renounce Religion


You were on level 6 of the Dungeon.
You worshipped Gozag.
Gozag was aware of your devotion.
You were not hungry.

You visited 2 branches of the dungeon, and saw 7 of its levels.

You collected 391 gold pieces.
You paid 120 gold pieces to Gozag.

Inventory:

Hand Weapons
 a - a +2 dagger of freezing (weapon)
 b - a +0 shortbow
 s - a +1 short sword
Missiles
 k - 8 needles of confusion
 p - 33 sling bullets
 u - 11 arrows
Jewellery
 j - a +4 ring of protection (left tentacle)
Wands
 r - a wand of flame (10)
Scrolls
 l - 3 scrolls of teleportation
 m - 4 scrolls of identify
 n - 3 scrolls of enchant weapon
 o - 2 scrolls of remove curse
 w - 2 scrolls of magic mapping
Potions
 e - a potion of might {unknown}
 f - a potion of curing
 g - a potion of agility {unknown}
 h - a potion of flight {unknown}
 q - a potion of invisibility {unknown}
 t - a potion of cancellation {unknown}
 v - a potion of lignification
 x - a potion of berserk rage {unknown}
 z - a potion of heal wounds {unknown}
Comestibles
 d - 7 rations


   Skills:
 + Level 5.4 Fighting
 * Level 3.4 Bows
 + Level 7.7 Throwing
 + Level 5.3 Dodging
 + Level 7.2 Stealth


You had 8 spell levels left.
You didn't know any spells.
Your spell library contained the following spells:

 Spells                   Type           Power        Failure   Level  Hunger
 Magic Dart               Conj           #...         30%         1    ##.....
 Searing Ray              Conj           #.....       43%         2    ###....
 Dazzling Spray           Conj/Hex       #.....       67%         3    ####...
 Force Lance              Conj/Tloc      #.......     97%         4    #####..
 Fulminant Prism          Conj/Hex       #.........   97%         4    #####..
 Iskenderun's Mystic Bla  Conj           #.......     97%         4    #####..


Dungeon Overview and Level Annotations

Branches:
Dungeon (6/15)             Temple (1/1) D:5

Altars:
Dithmenos
Elyvilon
Fedhas
Gozag
Nemelex Xobeh
Okawaru
Trog
Wu Jian
Xom

Annotations:
D:2 1 runed translucent door, Crazy Yiuf
D:6 Duvessa, Prince Ribbit


Innate Abilities, Weirdness & Mutations

You cannot wear most types of armour.
You are very stealthy in the water. (Stealth+)
You are amphibious.
You can wear up to eight rings at the same time.
You can use your tentacles to constrict eight enemies at once.
Your skin changes colour to match your surroundings (Stealth+).
Your rubbery body absorbs attacks. (AC +1, EV +1)


Message History

You constrict Duvessa. Duvessa misses you.
You hit Duvessa but do no damage. You squeeze Duvessa, but do no damage.
Duvessa is moderately wounded.
You constrict Duvessa. Duvessa misses you. Duvessa completely misses you.
You hit Duvessa. You freeze Duvessa. You squeeze Duvessa.
Duvessa is heavily wounded.
You constrict Duvessa. Duvessa hits you with a +0 short sword.
You hit Duvessa but do no damage.
Duvessa is heavily wounded.
You constrict Duvessa. Duvessa hits you but does no damage.
Duvessa hits you with a +0 short sword.
You hit Duvessa but do no damage. You squeeze Duvessa.
Duvessa is severely wounded.
You constrict Duvessa. Duvessa hits you with a +0 short sword!
* * * LOW HITPOINT WARNING * * *
You hit Duvessa but do no damage.
Duvessa is severely wounded.
You constrict Duvessa. Duvessa hits you with a +0 short sword!
You die...
Your body crumbles into a pile of gold.

#.#.#
#.#.# #
.... .$(
#.###....(
#...e..$.(
#$####....
#r# . #e#
#@# #<#
#.# #.#
#.# #.#
..+ ###


You could see Duvessa (berserk) and a quokka.

Vanquished Creatures
  Pikel (D:4)
  Menkaure (D:5)
  An orc warrior (D:4)
  2 ogres (D:4)
  2 centaurs (D:5)
  Blork the orc (D:5)
  A bullfrog (D:3)
  Dowan (D:6)
  A howler monkey (D:5)
  2 crimson imps
  2 orc priests
  2 hounds (D:3)
  Jessica (D:3)
  An iguana (D:5)
  3 orc wizards
  4 worker ants
  Ijyb (D:3)
  A gnoll (D:3)
  9 adders
  2 oozes
  An adder skeleton (D:4)
  6 worms
  3 dart slugs
  3 leopard geckos
  24 orcs
  2 ball pythons
  5 giant cockroaches
  12 hobgoblins
  5 jackals
  7 kobolds
  3 quokkas
  12 bats
  5 frilled lizards
  8 goblins
  A leopard gecko zombie (D:5)
  9 rats
  A fungus (D:2)
146 creatures vanquished.

Vanquished Creatures (others)
  A worker ant (D:5)
  A shadow imp (D:5)
  A leopard gecko (D:5)
3 creatures vanquished.

Grand Total: 149 creatures vanquished

Notes
Turn   | Place    | Note
-------+----------+-------------------------------------------
     0 | D:1      | PikkenKukken the Octopode Hunter began the quest for the
                  | Orb.
     0 | D:1      | Reached XP level 1. HP: 14/14 MP: 1/1
   233 | D:1      | Reached XP level 2. HP: 3/19 MP: 2/2
   849 | D:1      | Reached XP level 3. HP: 18/24 MP: 3/3
  1550 | D:2      | Reached XP level 4. HP: 30/30 MP: 4/4
  2037 | D:2      | Found a runed translucent door.
  2038 | D:2      | Noticed Crazy Yiuf
  2231 | D:3      | Reached XP level 5. HP: 28/36 MP: 5/5
  2247 | D:3      | Reached skill level 5 in Throwing
  2508 | D:3      | Reached XP level 6. HP: 35/42 MP: 6/6
  2670 | D:3      | Noticed Jessica
  2671 | D:3      | Killed Jessica
  2742 | D:3      | Noticed Ijyb
  2747 | D:3      | Killed Ijyb
  3703 | D:3      | Reached XP level 7. HP: 43/46 MP: 7/7
  3840 | D:4      | Found a shimmering altar of Xom.
  3840 | D:4      | Found a sparkling altar of Nemelex Xobeh.
  3858 | D:4      | Reached skill level 5 in Stealth
  4193 | D:4      | Found a white marble altar of Elyvilon.
  4502 | D:4      | Reached XP level 8. HP: 54/54 MP: 8/8
  4656 | D:5      | Entered Level 5 of the Dungeon
  4904 | D:5      | Noticed Blork the orc
  4914 | D:5      | Killed Blork the orc
  5138 | D:5      | Noticed Pikel
  5440 | D:4      | Killed Pikel
  5440 | D:4      | Reached skill level 5 in Fighting
  5440 | D:4      | Reached skill level 5 in Dodging
  5579 | D:5      | Found an iron altar of Okawaru.
  5780 | D:5      | Noticed Menkaure
  5781 | D:5      | Reached XP level 9. HP: 61/61 MP: 9/9
  5792 | D:5      | Killed Menkaure
  5933 | D:5      | Found a staircase to the Ecumenical Temple.
  6145 | Temple   | Entered the Ecumenical Temple
  6166 | Temple   | Became a worshipper of Gozag Ym Sagoz the Greedy
  6253 | D:6      | Noticed Prince Ribbit
  6386 | D:6      | Noticed Dowan
  6390 | D:6      | Noticed Duvessa
  6402 | D:6      | Killed Dowan
  6415 | D:6      | Slain by Duvessa

Skill      XL: |  1  2  3  4  5  6  7  8  9 |
---------------+----------------------------+-----
Stealth        | 2 3 4 5 6 7 |  7.2
Throwing       | 5 6 7 |  7.7
Fighting       | 3 4 5 |  5.4
Dodging        | 3 4 5 |  5.3
Bows           | 2 3 |  3.4

Action                   |  1- 3 |  4- 6 |  7- 9 || total
-------------------------+-------+-------+-------++-------
Melee: Short sword       |   102 |   115 |       ||   217
       Constrict         |    22 |    37 |    18 ||    77
       Tentacles         |    10 |    27 |    23 ||    60
       Dagger            |       |    22 |   142 ||   164
 Fire: Shortbow          |       |       |    31 ||    31
Throw: Javelin           |     6 |    30 |    10 ||    46
       Tomahawk          |       |    19 |    61 ||    80
       Throwing net      |       |       |     3 ||     3
  Use: Scroll            |     3 |     3 |     3 ||     9
       Potion            |       |     2 |     1 ||     3
 Stab: Sleeping          |     7 |     3 |     3 ||    13
  Eat: Chunk             |     2 |     7 |     4 ||    13
       Ration            |       |       |     2 ||     2
Armor: Skin              |    38 |    31 |    45 ||   114
Dodge: Dodged            |    59 |   110 |    82 ||   251
